Map: [ESL] Inside and Out

Players

uThermal

  • Race: Terran Terran
  • Spawn Location: 7:00

SpeCial - Winner!

  • Race: Terran Terran
  • Spawn Location: 1:00

Event: DreamHack SC2 Masters 2022 Valencia

VOD

Have the link to the VOD?

Description

Time

  • Played on: July 2, 2022, 5:38 a.m.
  • Length: 9:38

All games in this series

Show
View Real Time Build Order
Export as new Build Order

uThermal Terran 

Build Orders:  

Get SALT Encoding   

  12  0:00  SCV  
  13  0:12  SCV  
  14  0:16  Supply Depot  
  14  0:24  SCV  
  15  0:38  SCV  
  15  0:41  Barracks  
  16  0:43  Refinery  
  16  0:50  SCV  
  16  0:52  Refinery  
  17  1:02  SCV  
  18  1:14  SCV  
  19  1:28  Orbital Command, Reaper  
  20  1:35  Supply Depot  
  20  1:42  Factory  
  20  1:53  SCV  
  21  2:00  Barracks Reactor  
  21  2:05  SCV  
  22  2:18  SCV  
  23  2:25  Command Center  
  23  2:30  Hellion  
  23  2:32  SCV  
  26  2:37  Reaper  
  26  2:38  Reaper  
  28  2:44  Supply Depot  
  28  2:47  SCV  
  29  2:52  Hellion  
  31  3:04  Starport  
  31  3:06  SCV  
  31  3:10  Reaper x2  
  34  3:15  Hellion  
  34  3:18  SCV  
  37  3:26  Refinery  
  37  3:30  SCV  
  38  3:37  Factory Tech Lab  
  38  3:38  Orbital Command  
  38  3:41  Marine  
  38  3:42  Marine  
  38  3:44  SCV  
  38  3:45  Starport Tech Lab  
  41  3:55  Cyclone  
  44  3:56  SCV  
  44  3:59  Marine  
  44  4:00  Marine  
  47  4:07  SCV  
  47  4:09  Raven, SCV  
  47  4:18  Supply Depot, Marine  
  47  4:19  SCV, Marine  
  47  4:22  SCV  
  51  4:29  Siege Tank  
  54  4:36  Supply Depot  
  54  4:40  SCV x2, Marine x2  
  58  4:48  Supply Depot  
  58  4:52  Raven, SCV x2  
  60  4:58  Marine  
  60  4:59  Marine  
  64  5:01  Siege Tank  
  64  5:04  SCV x2  
  65  5:15  Command Center  
  65  5:17  SCV x2  
  65  5:19  Marine x2  
  69  5:27  Supply Depot  
  69  5:29  SCV  
  69  5:30  SCV  
  69  5:34  Siege Tank  
  74  5:37  Refinery  
  74  5:41  SCV  
  75  5:43  SCV  
  75  5:46  Viking  
  75  5:48  Viking  
  80  5:51  Supply Depot  
  80  5:55  SCV x2  
  75  6:06  Siege Tank  
  75  6:07  SCV, Supply Depot  
  75  6:08  SCV  
  76  6:16  Viking  
  76  6:18  Viking  
  76  6:19  SCV  
  76  6:20  SCV  
  76  6:25  Marine  
  76  6:30  Stimpack  
  76  6:31  SCV  
  76  6:32  Orbital Command, SCV  
  79  6:38  Siege Tank  
  82  6:43  SCV, Marine  
  82  6:44  SCV  
  82  6:46  Viking  
  87  6:50  Viking  
  89  6:54  Orbital Command  
  89  6:55  SCV  
  89  6:59  SCV  
  89  7:01  Marine  
  91  7:07  SCV  
  93  7:10  Siege Tank  
  93  7:11  SCV  
  93  7:14  Supply Depot  
  97  7:16  Viking  
  97  7:19  SCV, Supply Depot  
  97  7:20  Viking, SCV  
  103  7:25  SCV  
  103  7:28  Supply Depot  
  104  7:32  SCV x2  
  106  7:38  SCV  
  106  7:44  SCV  
  106  7:45  Siege Tank  
  106  7:46  SCV  
  106  7:47  Viking, Marine  
  106  7:50  Viking, SCV  
  114  7:56  SCV  
  115  8:04  SCV  
  115  8:05  Barracks, Marine  
  116  8:07  Barracks  
  116  8:12  Combat Shield  
  113  8:14  SCV  
  113  8:17  Viking, Siege Tank  
  119  8:20  Viking, Supply Depot  
  119  8:23  Marine  
  122  8:27  SCV  
  122  8:28  Engineering Bay x2  
  123  8:35  SCV  
  123  8:36  SCV  
  123  8:37  Supply Depot  
  123  8:41  Marine  
  116  8:43  SCV  
  114  8:49  Siege Tank  
  114  8:50  Viking  
  114  8:51  Viking  
  114  8:53  Barracks Reactor  
  114  8:54  SCV, Marine  
  123  8:59  Marine  
  122  9:04  SCV  
  113  9:12  Marine  
  113  9:17  Marine  
  113  9:18  SCV  
Show
View Real Time Build Order
Export as new Build Order

SpeCial Terran - Winner!

Build Orders: Cyclone Opening 

Get SALT Encoding   

  12  0:00  SCV  
  13  0:12  SCV  
  14  0:17  Supply Depot  
  14  0:24  SCV  
  15  0:38  SCV  
  15  0:39  Barracks  
  15  0:42  Refinery  
  16  0:50  SCV  
  16  0:52  Refinery  
  17  1:03  SCV  
  18  1:15  SCV  
  19  1:27  Orbital Command, Reaper  
  19  1:32  Supply Depot  
  20  1:41  Factory  
  20  1:53  SCV  
  21  1:59  Reaper  
  22  2:05  SCV  
  23  2:17  SCV  
  24  2:25  Command Center  
  24  2:27  Factory Tech Lab  
  24  2:29  SCV  
  25  2:34  Barracks Reactor  
  25  2:40  Supply Depot  
  25  2:41  SCV  
  26  2:47  Cyclone  
  29  2:53  SCV  
  30  2:58  Starport  
  31  3:05  SCV  
  31  3:09  Marine  
  31  3:10  Marine  
  33  3:17  SCV  
  33  3:19  Cyclone  
  37  3:26  Refinery  
  37  3:27  Marine x2  
  39  3:36  SCV, Starport Tech Lab  
  39  3:39  Orbital Command  
  40  3:48  SCV  
  40  3:51  Marine x2  
  40  3:54  Banshee  
  46  3:59  Siege Tank  
  49  4:08  SCV x2  
  49  4:09  Marine x2  
  48  4:15  Refinery  
  48  4:20  SCV x2  
  48  4:23  Starport  
  50  4:28  Supply Depot  
  52  4:33  Siege Tank  
  52  4:35  SCV  
  54  4:49  Raven, Marine x2  
  54  4:50  SCV x2  
  54  4:52  Supply Depot  
  60  5:02  SCV x2  
  62  5:13  Siege Tank  
  67  5:14  SCV x2  
  67  5:21  Viking  
  67  5:22  Marine  
  70  5:35  Raven, Viking, Supply Depot  
  70  5:36  SCV x2  
  76  5:43  Supply Depot  
  76  5:48  SCV x2  
  78  5:54  Marine  
  76  5:59  Viking  
  76  6:00  SCV x2  
  76  6:01  Supply Depot  
  77  6:05  Viking  
  77  6:10  Siege Tank  
  82  6:12  SCV x2  
  82  6:16  Marine  
  85  6:18  Supply Depot  
  85  6:20  Viking  
  84  6:29  Viking  
  85  6:34  SCV x2  
  85  6:38  Marine  
  88  6:42  Siege Tank  
  88  6:44  Viking  
  93  6:47  Supply Depot  
  93  6:50  Viking  
  94  6:56  Supply Depot  
  94  6:58  Marine  
  94  6:59  Viking  
  97  7:10  SCV  
  97  7:11  SCV, Command Center  
  99  7:21  Liberator  
  101  7:23  SCV x2  
  101  7:24  Viking  
  101  7:28  Supply Depot  
  105  7:32  Siege Tank  
  105  7:35  SCV x2  
  104  7:47  SCV x2, Marine  
  105  7:58  Viking x2  
  107  8:01  SCV x2  
  107  8:03  Supply Depot  
  107  8:04  Siege Tank  
  114  8:07  Viking  
  114  8:14  SCV x2  
  116  8:25  Orbital Command  
  116  8:26  SCV x2  
  118  8:28  Viking x2  
  122  8:35  Marine  
  122  8:37  Viking  
  122  8:40  SCV  
  126  8:45  SCV  
  127  8:49  Siege Tank  
  127  8:52  Refinery x2, SCV x2, Marine  
  133  8:57  SCV  
  133  8:58  Viking x2  
  138  9:07  Viking  
  140  9:13  SCV x3  
  143  9:26  Supply Depot  

Tags
 
Add a new tag
Caveats
  • Supply blocks, unpowered buildings, or Contaminate may cause inaccurate times.
  • Supply counts are checked every 10 seconds.